 Dungeon Crawl Stone Soup version 0.30.1-9-gdf580d7c3d (webtiles) character file.

Game seed: 10848788121965839540

1624 monsoonserge the Grasshopper (level 8, -12/58 HPs)
             Began as a Demonspawn Warper on Oct 16, 2023.
             Killed from afar by a steam dragon (18 damage)
             ... with a ball of steam
             ... on level 6 of the Dungeon.
             The game lasted 00:16:45 (5434 turns).

monsoonserge the Grasshopper (Demonspawn Warper)    Turns: 5434, Time: 00:16:45

Health: -12/58     AC:  9    Str: 12    XL:     8   Next: 65%
Magic:  13/13      EV: 11    Int: 16    God:
Gold:   343        SH:  4    Dex: 10    Spells: 9/14 levels left

rFire   . . .        j - +5 dagger "Gyuv" {drain, rC+ rN+ Dex-3}
rCold   + + .        F - +0 buckler {AC+3}
rNeg    + . .        G - +1 leather armour {rPois}
rPois   +            (helmet restricted)
rElec   .            (no cloak)
rCorr   .            (no gloves)
SInv    .            (no boots)
Will    .....        (no amulet)
Stlth   +            w - ring of protection from cold
HPRegen 0.29/turn    (no ring)
MPRegen 0.26/turn

%: no passive effects
@: invisible
A: antennae 1, icy blue scales 1, magic regeneration
a: no special abilities


You were on level 6 of the Dungeon.
You visited 2 branches of the dungeon, and saw 8 of its levels.

You collected 532 gold pieces.
You spent 189 gold pieces at shops.

Inventory:

Hand Weapons
 j - the +5 dagger "Gyuv" (weapon) {drain, rC+ rN+ Dex-3}
   (You bought it in a shop on level 4 of the Dungeon)

   Dex:       It affects your dexterity (-3).
   rC:        It protects you from cold.
   rN:        It protects you from negative energy.
 m - a +2 war axe of flaming
 H - the +2 dagger of Niul {venom, rElec rN+}
   (You found it on level 5 of the Dungeon)

   rElec:     It insulates you from electricity.
   rN:        It protects you from negative energy.
 J - a +1 long sword of draining
Missiles
 d - 7 boomerangs of dispersal
 t - 5 javelins
 x - 9 boomerangs (quivered)
Armour
 F - a +0 buckler of protection (worn)
 G - a +1 leather armour of poison resistance (worn)
Jewellery
 w - a ring of protection from cold (left hand)
Wands
 y - a wand of charming (3)
Scrolls
 b - a scroll of immolation {unknown}
 c - 2 scrolls of blinking
 e - a scroll of enchant armour {unknown}
 h - 2 scrolls of torment {unknown}
 k - 2 scrolls of amnesia {unknown}
 l - 2 scrolls of teleportation {unknown}
 n - 5 scrolls of identify {unknown}
 o - a scroll of poison {unknown}
 q - a scroll of brand weapon {unknown}
 r - 2 scrolls of fog {unknown}
 s - a scroll of fear {unknown}
 u - a scroll of enchant weapon {unknown}
 A - 2 scrolls of magic mapping {unknown}
 B - a scroll of vulnerability {unknown}
Potions
 a - a potion of haste {unknown}
 f - a potion of might {unknown}
 g - 2 potions of lignification
 i - 2 potions of cancellation {unknown}
 p - a potion of berserk rage {unknown}
 z - a potion of invisibility
 D - a potion of flight {unknown}
 E - 2 potions of heal wounds {unknown}
 I - a potion of ambrosia {unknown}


   Skills:
 + Level 3.5 Fighting
 + Level 3.1(3.4) Short Blades
 - Level 1.9(2.8) Long Blades
 - Level 2.2 Axes
 + Level 0.8 Throwing
 * Level 4.4 Armour
 + Level 3.9 Dodging
 + Level 1.1 Stealth
 * Level 2.7 Shields
 * Level 3.8 Spellcasting
 - Level 5.0 Translocations
 + Level 0.1 Evocations


You had 9 spell levels left.
You knew the following spells:

 Your Spells              Type           Power      Damage    Failure   Level
a - Blink                 Tloc           38%        N/A       6%          2
b - Gell's Gravitas       Tloc           19%        N/A       12%         3

Your spell library contained the following spells:

 Spells                   Type           Power      Damage    Failure   Level
 Lesser Beckoning         Tloc           38%        N/A       6%          2
 Teleport Other           Tloc           19%        N/A       12%         3
 Beastly Appendage        Tmut           6%         N/A       30%         1
 Sandblast                Erth           6%         2d5       30%         1
 Vhi's Electric Charge    Tloc/Air       22%        N/A       32%         3
 Manifold Assault         Tloc           19%        N/A       36%         4
 Passwall                 Tmut/Erth      2%         N/A       43%         2
 Wereblood                Tmut           3%         N/A       43%         2
 Spider Form              Tmut/Pois      3%         N/A       67%         3
 Stone Arrow              Conj/Erth      6%         3d7       67%         3
 Animate Dead             Necr           3%         N/A       97%         4
 Borgnjor's Vile Clutch   Necr/Erth      1%         N/A       100%        5
 Death Channel            Necr           1%         N/A       100%        6


Dungeon Overview and Level Annotations

Branches:
Dungeon (7/15)             Temple (1/1) D:6

Altars:
Ashenzari
Fedhas
Gozag
Hepliaklqana
Kikubaaqudgha
Makhleb
Nemelex Xobeh
Okawaru
Qazlal
Sif Muna
Trog
Uskayaw
Vehumet
Xom
Yredelemnul

Shops:
D:4 (

Annotations:
D:4 Grinder, Menkaure


Innate Abilities, Weirdness & Mutations

You have a pair of small antennae on your head.
You are partially covered in icy blue scales. (AC +2)
You regenerate magic rapidly.


Message History

Press: ? - help, Q - select action, (/) - cycle Shift-Dir - straight line, f - steam dragon
Aim: a steam dragon (lightly wounded, heavily drained, 56% to hit)
You throw a boomerang. The boomerang hits the steam dragon.
The steam dragon is moderately wounded.
Unknown command.
Throw: 9 boomerangs
Press: ? - help, Q - select action, (/) - cycle Shift-Dir - straight line, f/p - steam dragon
Aim: a steam dragon (moderately wounded, heavily drained, 56% to hit)
You throw a boomerang.
The boomerang barely misses the steam dragon.
The steam dragon breathes steam at you. The ball of steam hits you!
* * * LOW HITPOINT WARNING * * *
Throw: 9 boomerangs
Press: ? - help, Q - select action, (/) - cycle Shift-Dir - straight line, f/p - steam dragon
Aim: a steam dragon (moderately wounded, catching its breath, heavily drained, 56% to hit)
You throw a boomerang.
The boomerang hits the steam dragon but does no damage.
The steam dragon is moderately wounded.
You feel stable enough to blink again.
You closely miss the steam dragon.
The steam dragon is moderately wounded.
The steam dragon bites you but does no damage.
The steam dragon claws you.
* * * LOW HITPOINT WARNING * * *
It was a potion of invisibility.
You fade into invisibility!
The steam dragon bites you but does no damage.
The steam dragon misses you.
You catch the helpless steam dragon completely off-guard!
You hit the steam dragon.
The steam dragon is moderately wounded.
The steam dragon misses you. The steam dragon closely misses you.
You hit the steam dragon.
The steam dragon is heavily wounded.
You hit the steam dragon.
The steam dragon is heavily wounded.
The steam dragon breathes steam at you. The ball of steam hits you!!
You die...

.......
#..ยงยง...##
.....##
...###........#
.......
....#........##
....o..
.............##
.......
........#..!..#
.......
........#...###
....$.#
...........##
.......D...#
.#.....@...#
##.#.....##
#.##.##.# ##
###


You could see a steam dragon (unable to see you, catching breath, very drained).

Vanquished Creatures
  An orc warrior (D:7)
  2 sky beasts (D:7)
  2 ice beasts
  A centaur (D:6)
  2 bullfrogs
  A gnoll sergeant (D:5)
  2 scorpions
  A howler monkey (D:6)
  3 hounds
  A jelly (D:5)
  2 orc priests
  2 iguanas (D:6)
  A sleepcap (D:3)
  Jessica (D:3)
  7 orc wizards
  4 gnolls
  8 adders
  A shadow imp (D:6)
  2 white imps
  An ufetubus (D:5)
  A worm (D:2)
  3 dart slugs
  25 orcs
  3 bats (D:1)
  7 endoplasms
  2 giant cockroaches (D:1)
  9 goblins
  4 hobgoblins (D:1)
  5 jackals
  5 quokkas
  7 ball pythons
  7 frilled lizards
  4 kobolds
  11 rats
138 creatures vanquished.

Vanquished Creatures (others)
  An orc wizard (D:7)
1 creature vanquished.

Grand Total: 139 creatures vanquished

Notes
Turn   | Place    | Note
-------+----------+-------------------------------------------
     0 | D:1      | monsoonserge the Demonspawn Warper began the quest for the
                  | Orb.
     0 | D:1      | Reached XP level 1. HP: 16/16 MP: 3/3
   112 | D:1      | Reached skill level 3 in Translocations
   216 | D:1      | Gained mutation: You regenerate magic rapidly. [demonic
                  | ancestry]
   216 | D:1      | Reached XP level 2. HP: 22/22 MP: 5/5
   217 | D:1      | Reached skill level 1 in Armour
   446 | D:1      | Gained mutation: You are partially covered in icy blue
                  | scales. (AC +2) [demonic ancestry]
   446 | D:1      | Reached XP level 3. HP: 27/27 MP: 6/6
   949 | D:2      | Reached XP level 4. HP: 19/34 MP: 7/7
  1108 | D:2      | Reached skill level 1 in Axes
  1552 | D:3      | Found a faded altar of an unknown god.
  1732 | D:3      | Learned a level 2 spell: Blink
  1848 | D:3      | Noticed Jessica
  1866 | D:3      | Killed Jessica
  1867 | D:3      | Gained mutation: You have a pair of small antennae on your
                  | head. [demonic ancestry]
  1867 | D:3      | Reached XP level 5. HP: 6/39 MP: 8/8
  2390 | D:4      | Noticed Grinder
  2390 | D:4      | Noticed Menkaure
  2390 | D:4      | Found Goshurai's Antique Weapon Shop.
  2596 | D:4      | Reached skill level 1 in Shields
  2596 | D:4      | Reached XP level 6. HP: 19/46 MP: 9/9
  2864 | D:4      | Bought a steaming dagger for 189 gold pieces
  2864 | D:4      | Identified the +5 dagger "Gyuv" {drain, rC+ rN+ Dex-3} (You
                  | bought it in a shop on level 4 of the Dungeon)
  2868 | D:5      | Entered Level 5 of the Dungeon
  2873 | D:5      | Learned a level 3 spell: Gell's Gravitas
  3124 | D:5      | Identified the +2 dagger of Niul {venom, rElec rN+}
  3184 | D:5      | Noticed an ice beast
  3200 | D:5      | Killed an ice beast
  3208 | D:5      | Reached skill level 4 in Translocations
  3208 | D:5      | Reached XP level 7. HP: 25/51 MP: 11/11
  3611 | D:5      | Reached skill level 1 in Short Blades
  3744 | D:5      | Found a burning altar of Makhleb.
  3748 | D:5      | Found a broken altar of Ashenzari.
  3748 | D:5      | Found a hazy altar of Hepliaklqana.
  3749 | D:5      | Found a hide-covered altar of Uskayaw.
  3750 | D:5      | Found an ancient bone altar of Kikubaaqudgha.
  3753 | D:5      | Found a shimmering blue altar of Sif Muna.
  4063 | D:6      | Found a staircase to the Ecumenical Temple.
  4074 | D:6      | Reached skill level 1 in Stealth
  4109 | Temple   | Entered the Ecumenical Temple
  4514 | D:6      | Reached XP level 8. HP: 39/58 MP: 12/12
  5116 | D:7      | Reached skill level 5 in Translocations
  5434 | D:6      | Killed from afar by a steam dragon

Illustrated notes

Levels and vault maps discovered:
D:1:      dpeg_arrival_boxes_within_box, layout_basic
D:2:      layout_rooms, minmay_quantized
D:3:      layout_loops_corners, hellmonk_ecumenical_altar_run_dry,
          kennysheep_jessica_study
D:4:      layout_basic, nicolae_stop_n_shop_2, minmay_cut_off, uniq_grinder,
          uniq_menkaure
D:5:      layout_rooms, minitemple
D:6:      layout_cave_pools, minmay_temple_entry_slanted
D:7:      layout_rooms, cheibriados_altar_1, grunt_decor_arrowhead
Temple:   chequers_temple_sunken

Skill      XL: |  1  2  3  4  5  6  7  8 |
---------------+-------------------------+-----
Translocations | 3 4 5 |  5.0
Armour         | 1 2 3 4 |  4.4
Dodging        | 2 3 |  3.9
Axes           | 1 2 |  2.2
Shields        | 1 2 |  2.7
Fighting       | 3 |  3.5
Short Blades   | 2 3 |  3.1
Spellcasting   | 3 |  3.8
Stealth        | 1 |  1.1
Long Blades    | |  1.9
Throwing       | |  0.8
Evocations     | |  0.1

Action                     |  1- 3 |  4- 6 |  7- 9 || total
---------------------------+-------+-------+-------++-------
  Melee: Falchion          |    42 |       |       ||    42
         Punch             |     1 |       |       ||     1
         War axe           |    63 |    63 |       ||   126
         Dagger            |       |    51 |   306 ||   357
  Throw: Boomerang         |       |       |     3 ||     3
   Cast: Blink             |       |     1 |     3 ||     4
  Evoke: Wand              |       |       |     2 ||     2
    Use: Potion            |       |     1 |     1 ||     2
   Stab: Sleeping          |       |     1 |       ||     1
         Invisible         |       |       |     1 ||     1
 Armour: Leather armour    |    40 |    61 |    92 ||   193
         Skin              |       |    10 |       ||    10
         Ring mail         |       |       |    58 ||    58
  Dodge: Dodged            |    85 |    70 |   176 ||   331
  Block: Buckler           |       |    20 |    48 ||    68
